 Dungeon Crawl Stone Soup version 0.22-a0-109-gbeb7240 (console) character file.

36 Evablue the Shield-Bearer (level 3, 12/30 HPs)
             Began as a Formicid Fighter on Jan 27, 2018.
             Quit the game on level 2 of the Dungeon.
             The game lasted 00:01:12 (622 turns).

Evablue the Shield-Bearer (Formicid Fighter)         Turns: 622, Time: 00:01:12

Health: 12/30      AC:  6    Str: 21    XL:     3   Next: 57%
Magic:  3/3        EV:  8    Int:  7    God:
Gold:   106        SH:  9    Dex: 10    Spells: 2/2 levels left

rFire    + . .     SeeInvis +   a - +0 war axe
rCold    . . .     Gourm    .   c - +0 shield
rNeg     . . .     Faith    .   b - +0 scale mail
rPois    .         Spirit   .   (helmet unavailable)
rElec    .         Reflect  .   (no cloak)
rCorr    .         Harm     .   (no gloves)
MR       .....                  (no boots)
Stlth    ..........             (no amulet)
HPRegen  0.10/turn              (no ring)
MPRegen  0.08/turn              (no ring)

@: flying
A: permanent stasis, dig shafts and tunnels, four strong arms, antennae 3,
hooves 1, fire resistance 1, screaming 1
a: Dig, Shaft Self


You were on level 2 of the Dungeon.
You were not hungry.

You visited 1 branch of the dungeon, and saw 2 of its levels.

You collected 106 gold pieces.

Inventory:

Hand Weapons
 a - a +0 war axe (weapon)
Armour
 b - a +0 scale mail (worn)
 c - a +0 shield (worn)
Scrolls
 e - a scroll of enchant weapon {unknown}
 g - 2 scrolls of fog {unknown}
 l - a scroll of fear {unknown}
 m - a scroll of identify {unknown}
 o - a scroll of teleportation {unknown}
Potions
 d - a potion of might
 n - a potion of brilliance {unknown}
Comestibles
 f - 2 rations


   Skills:
 + Level 3.8 Fighting
 + Level 2.5 Axes
 + Level 3.4 Armour
 + Level 0.1 Dodging
 + Level 4.1 Shields


You had 2 spell levels left.
You didn't know any spells.

Dungeon Overview and Level Annotations

Branches:
Dungeon (2/15)

Altars:


Innate Abilities, Weirdness & Mutations

You cannot be hasted, slowed, berserked, paralysed or teleported.
You can dig through walls and to a lower floor.
Your four strong arms can wield two-handed weapons with a shield.
You have a pair of large antennae on your head. (SInv)
You have large cloven feet.
Your flesh is heat resistant. (rF+)
You occasionally shout uncontrollably at your foes.


Message History

The goblin shouts!
A goblin is nearby!
A goblin is nearby!
A goblin is nearby!
A goblin is nearby!
You are too injured to fight recklessly!
You are too injured to fight recklessly!
You are too injured to fight recklessly!
You are too injured to fight recklessly!
You are too injured to fight recklessly!
You block the goblin's attack.
You closely miss the goblin. The goblin hits you with a club.
The goblin hits you but does no damage.
A giant cockroach comes into view.
You hit the goblin.
You kill the goblin!
Things that are here:
a club; a goblin corpse You block the giant cockroach's attack.
Are you sure you want to abandon this character and quit the game? (Confirm with "yes".)

.. ...#. ...#.
...# ...## .# #
#..####.#
#.#.##.#@...#
#......)s####
##...#.### #. #.##
#..#
##.############
#......#.....##
#.............##
#...........<)...#


You could see a giant cockroach.

Vanquished Creatures
  An adder (D:2)
  An ooze (D:1)
  2 leopard geckos
  4 goblins
  A hobgoblin (D:1)
  3 jackals (D:1)
  A bat (D:1)
  A frilled lizard (D:1)
  4 kobolds
  2 rats (D:1)
20 creatures vanquished.

Notes
Turn   | Place    | Note
-------+----------+-------------------------------------------
     0 | D:1      | Evablue the Formicid Fighter began the quest for the Orb.
     0 | D:1      | Reached XP level 1. HP: 18/18 MP: 1/1
    63 | D:1      | Reached XP level 2. HP: 21/24 MP: 2/2
   339 | D:1      | Reached XP level 3. HP: 25/30 MP: 3/3
   380 | D:1      | Reached skill level 4 in Shields
   599 | D:2      | Gained mutation: You have large cloven feet. [potion of mutation]
   599 | D:2      | Gained mutation: You occasionally shout uncontrollably at your foes. [potion of mutation]
   599 | D:2      | Gained mutation: Your flesh is heat resistant. (rF+) [potion of mutation]
   622 | D:2      | Quit the game

Vault maps used:
D:1:      dpeg_arrival_refuge, minmay_pentomino_r4
D:2:      minmay_misc_feat_four_crosses

Skill      XL: |  1  2  3 |
---------------+----------+-----
Shields        | 4 |  4.1
Fighting       | |  3.8
Axes           | |  2.5
Armour         | |  3.4
Dodging        | |  0.1

Action                   || total
-------------------------++-------
Melee: War axe           ||    63
  Use: Potion            ||     4
Armor: Scale mail        ||    40
Dodge: Dodged            ||    34
Block: Shield            ||    55

Table legend:
 A = Spawn XP
 B = Non-spawn XP
 C = Spawn XP percentage of total XP
 D = Spawn monster count
 E = Non-spawn monster count
 F = Spawn count percentage of total count
 G = Total turns spent on level
                    A         B        C        D         E        F      G
               +---------+---------+-------+---------+---------+-------+---------
         Total |       0 |      52 |   0.0 |       0 |      20 |   0.0 |   622
               +---------+---------+-------+---------+---------+-------+---------
           D:1 |       0 |      32 |   0.0 |       0 |      16 |   0.0 |   577
           D:2 |       0 |      20 |   0.0 |       0 |       4 |   0.0 |    45
               +---------+---------+-------+---------+---------+-------+---------
